 Dungeon Crawl Stone Soup version 0.31.0-12-g77e489cdc1 (webtiles) character file.

Game seed: 18271898188361956302

4 spaghetti the Charlatan (level 1, 9/16 HPs)
             Began as a Formicid Artificer on Mar 5, 2024.
             Was an Initiate of Ashenzari.
             Quit the game on level 1 of the Dungeon.
             The game lasted 00:00:26 (130 turns).

spaghetti the Charlatan (Formicid Artificer)         Turns: 130, Time: 00:00:26

Health: 9/16       AC:  3    Str: 16    XL:     1   Next: 77%
Magic:  1/1        EV:  8    Int: 10    God:    Ashenzari [......]
Gold:   0          SH:  0    Dex: 14    Spells: 0/0 levels left

rFire   . . .        a - +0 club
rCold   . . .        (no shield)
rNeg    . . .        b - +0 leather armour "Ruined Together" {Melee, Sorc} (curse)
rPois   .            (helmet unavailable)
rElec   .            (no cloak)
rCorr   .            (no gloves)
SInv    +            (no boots)
Will    .....        (no amulet)
Stlth   +            (no ring)
HPRegen 0.22/turn    (no ring)
MPRegen 0.07/turn

%: no passive effects
@: constricted
A: permanent stasis, dig shafts and tunnels, antennae 3, four strong arms
a: Dig, Shaft Self, Renounce Religion, Shatter the Chains


You were on level 1 of the Dungeon.
You worshipped Ashenzari.
Ashenzari was noncommittal.
You visited 1 branch of the dungeon, and saw 1 of its levels.

Inventory:

Hand Weapons
 a - a +0 club (weapon)
Armour
 b - the cursed +0 leather armour "Ruined Together" (worn) {Melee, Sorc}

   It has a curse which improves the following skills: Melee Combat: Short
   Blades, Long Blades, Axes, Maces & Flails, Polearms, Staves and Unarmed
   Combat.
   Sorcery:   Conjurations and Alchemy.
Wands
 c - a wand of flame (14)
 d - a wand of charming (15)
 e - a wand of iceblast (5)


   Skills:
 + Level 1.9 Fighting
 - Level 2.1 Armour
 - Level 0.8 Dodging
 - Level 1.2 Stealth
 - Level 3.2 Evocations


You couldn't memorise any spells.
You didn't know any spells.
Your spell library was empty.

Dungeon Overview and Level Annotations

Branches:
Dungeon (1/15)

Altars:
Ashenzari


Innate Abilities, Weirdness & Mutations

You cannot be hasted, slowed, berserked, paralysed or teleported.
You can dig through walls and to a lower floor.
You have a pair of large antennae on your head. (SInv)
Your four strong arms can wield two-handed weapons with a shield.


Message History

The endoplasm quivers.
The rat squeaks loudly.
You hear a shout! x2
A kobold comes into view. It is wielding a +0 dagger.
The rat bites you but does no damage.
You barely miss the rat.
A ball python comes into view.
The endoplasm barely misses you.
You hit the rat.
The rat is moderately wounded.
A kobold comes into view. It is wielding a +0 dagger.
The endoplasm barely misses you. The rat closely misses you.
You hit the rat.
You kill the rat!
The endoplasm freezes you.
You are frozen.
The rat bites you but does no damage. The endoplasm freezes you.
You are frozen.
The rat barely misses you.
You hit the rat but do no damage. The endoplasm misses you.
The rat closely misses you.
You closely miss the rat. The ball python barely misses you.
The ball python grabs you. The ball python constricts you.
The endoplasm freezes you.
You are frozen.
The rat bites you.
You are too injured to fight recklessly!
You are too injured to fight recklessly!
You are too injured to fight recklessly!
You are too injured to fight recklessly!
You are too injured to fight recklessly!
You are too injured to fight recklessly!
You are too injured to fight recklessly!
You are too injured to fight recklessly!
You are too injured to fight recklessly!
You are too injured to fight recklessly!
You are too injured to fight recklessly!
You are too injured to fight recklessly!
You are too injured to fight recklessly!
You are too injured to fight recklessly!
You are too injured to fight recklessly!
You are too injured to fight recklessly!
Are you sure you want to abandon this character and quit the game? (Confirm with "yes".)

...
###############.#.......
......#.§.§§§§..........
#####.##..§§§§##.......
....#...§§(§§.##......
###..####§§§..##....#
..##..# #.#....#.#>.####
##.##..##.#.#..#†rK.....
.##.##.##.#.#...@J..#
#.##.#..).#.#....S.....#
##.#.#.#..#....####.K..#
.#.#.# #....##.# #...
##.'(# #....##.# .#
.#.#.# #.... #.# .
##.#.# #.... #.# #.##.#
...####.# .# .##


You could see an endoplasm, a ball python, 2 kobolds and a rat.

Vanquished Creatures
  A dart slug (D:1)
  A goblin (D:1)
  A rat (D:1)
3 creatures vanquished.

Notes
Turn   | Place    | Note
-------+----------+-------------------------------------------
     0 | D:1      | spaghetti the Formicid Artificer began the quest for the
                  | Orb.
     0 | D:1      | Reached XP level 1. HP: 15/15 MP: 1/1
    71 | D:1      | Found a faded altar of an unknown god.
    96 | D:1      | Prayed at the altar of an unknown god.
    96 | D:1      | Became a worshipper of Ashenzari the Shackled
   130 | D:1      | Quit the game

Illustrated notes

Levels and vault maps discovered:
D:1:      evilmike_arrival_rings, layout_basic, ebering_ecumenical_altar_mist

Action                     || total
---------------------------++-------
  Melee: Club              ||    12
 Invoke: Curse Item        ||     1
  Evoke: Wand              ||     1
 Armour: Leather armour    ||     6
  Dodge: Dodged            ||     9
